 Dungeon Crawl Stone Soup version 0.30-a0-908-g5a111fc481 (webtiles) character file.

Game seed: 466954676122422118

259 sanka the Chopper (level 6, -1/56 HPs)
             Began as a Hill Orc Monk on Mar 20, 2023.
             Splashed by a jelly's acid (8 damage)
             ... on level 5 of the Dungeon.
             The game lasted 00:06:03 (4483 turns).

sanka the Chopper (Hill Orc Monk)                   Turns: 4483, Time: 00:06:05

Health: -1/56      AC: -7    Str: 16    XL:     6   Next: 17%
Magic:  6/6        EV: 11    Int: 10    God:
Gold:   401        SH:  0    Dex: 13    Spells: 5/5 levels left

rFire   . . .      SeeInvis .    a - +0 hand axe
rCold   + . .      Faith    .    (no shield)
rNeg    . . .      Spirit   .    f - +0 ring mail
rPois   .          Reflect  .    (no helmet)
rElec   .          Rampage  .    (no cloak)
rCorr   .                        (no gloves)
Will    .....                    (no boots)
Stlth   +                        u - amulet of regeneration
HPRegen 1.09/turn                (no ring)
MPRegen 0.10/turn                j - ring of protection from cold

@: corroded
A: no striking features
a: no special abilities


You were on level 5 of the Dungeon.
You visited 2 branches of the dungeon, and saw 8 of its levels.

You collected 401 gold pieces.


   Skills:
 + Level 5.4 Fighting
 * Level 7.6 Axes
 - Level 2.4 Dodging
 - Level 1.5 Stealth


You had 5 spell levels left.
You didn't know any spells.
Your spell library contained the following spells:

 Spells                   Type           Power      Damage    Failure   Level
 Summon Small Mammal      Summ           0%         N/A       58%         1
 Call Canine Familiar     Summ           0%         N/A       91%         3
 Stone Arrow              Conj/Erth      0%         3d7       91%         3
 Summon Guardian Golem    Hex/Summ       0%         N/A       91%         3
 Animate Armour           Summ/Erth      0%         N/A       100%        4
 Lehudib's Crystal Spear  Conj/Erth      0%         10d2      100%        8

Inventory:

Hand Weapons
 a - a +0 hand axe (weapon)
Armour
 b - a +0 robe
 f - a +0 ring mail (worn)
 x - a +0 plate armour
Magical Staves
 i - a staff of earth
Jewellery
 j - a ring of protection from cold (right hand)
 t - a +6 ring of intelligence
 u - an amulet of regeneration (around neck)
 y - a ring of protection from fire
Wands
 v - a wand of paralysis (10)
Scrolls
 d - 5 scrolls of identify {unknown}
 e - a scroll of enchant weapon {unknown}
 g - 3 scrolls of noise {unknown}
 k - 4 scrolls of poison {unknown}
 n - 3 scrolls of teleportation {unknown}
 r - a scroll of immolation {unknown}
 s - a scroll of torment {unknown}
Potions
 c - a potion of ambrosia
 h - 2 potions of might {unknown}
 l - 3 potions of curing {unknown}
 m - a potion of lignification {unknown}
 o - a potion of brilliance {unknown}
 p - a potion of mutation {unknown}
 q - 2 potions of heal wounds {@q2}
 w - a potion of degeneration {unknown}

Dungeon Overview and Level Annotations

Branches:
Dungeon (7/15)             Temple (1/1) D:4

Altars:
Ashenzari
Cheibriados
Dithmenos
Hepliaklqana
Kikubaaqudgha
Makhleb
Nemelex Xobeh
Okawaru
Qazlal
Sif Muna
Uskayaw
Xom
Zin

Shops:
D:4 :

Annotations:
D:3 1 runed translucent door, Crazy Yiuf
D:6 Pikel
D:7 3 runed translucent doors, MirrMurr's ghost, novice SpHu

.........▒ ......>.>▒.....
.........▒.......[..▒ ....
.........▒..........▒▒▒+▒▒
..[......▒..............
.........▒...>..........
.........▒..............
.........▒..............
.........▒..............
.........▒......oJ......
.........'.....▒▒▒▒▒....
.........▒.....▒ .
.........▒.....▒
....▒▒▒▒+▒.....▒
+▒▒▒▒.....▒▒▒▒▒▒ ▒..)..▒
▒.....▒ ▒.....▒


You could see a jelly.


Message History

The acid corrodes you!
You are splashed with acid!
You slash the jelly!
Your hands burn!
The jelly is heavily wounded.
The jelly closely misses you.
You hit the jelly but do no damage.
Your hands burn!
The jelly is heavily wounded.
The jelly hits you.
You are splashed with acid!
* * * LOW HITPOINT WARNING * * *
You barely miss the jelly.
The jelly is heavily wounded.
The jelly closely misses you.
You barely miss the jelly.
The jelly is heavily wounded.
The jelly hits you.
* * * LOW HITPOINT WARNING * * *
The acid corrodes you!
You are splashed with acid!
* * * LOW HITPOINT WARNING * * *
You hit the jelly but do no damage.
Your hands burn!
* * * LOW HITPOINT WARNING * * *
The jelly is heavily wounded.
The jelly hits you.
* * * LOW HITPOINT WARNING * * *
You are splashed with acid!
You die...

Action                     |  1- 3 |  4- 6 || total
---------------------------+-------+-------++-------
  Melee: Hand axe          |   139 |   153 ||   292
         Punch             |     1 |     2 ||     3
    Use: Potion            |       |     2 ||     2
 Armour: Ring mail         |    47 |    27 ||    74
         Robe              |     2 |       ||     2
  Dodge: Dodged            |    84 |    77 ||   161

Levels and vault maps discovered:
D:1:      tekkud_arrival_beachfront_property, layout_basic
D:2:      layout_basic, hellmonk_ecumenical_altar_pennies_from_heaven
D:3:      layout_basic, mainiacjoe_overflow_alcove_1, minmay_between,
          uniq_crazy_yiuf_cottage
D:4:      layout_loops_ring, amethyst_overflow_temple_binary,
          minmay_temple_entry_mist, serial_shops, nicolae_shop_hallway_stairs
D:5:      layout_gridville, minivault_4, nzn_random_ring, uniq_ijyb
D:6:      kennysheep_big_flooded_room, layout_loops_corners,
          mainiacjoe_overflow_brackets, lemuel_tele_altar,
          nicolae_elevator_lobby_plus, uniq_pikel, uniq_sigmund, uniq_menkaure,
          uniq_edmund
D:7:      minmay_chambers_of_sixes, layout_basic, lemuel_crystal_altar,
          fiery_altar_vehumet, tso_oasis_becter, gammafunk_ghost_icy,
          serial_park_tiny_1, dk_vineyard_1, nicolae_nh_ransacked_shop
Temple:   eino_wide_crystal_templ

Notes
Turn   | Place    | Note
-------+----------+-------------------------------------------
     0 | D:1      | sanka the Hill Orc Monk began the quest for the Orb.
     0 | D:1      | Reached XP level 1. HP: 19/19 MP: 1/1
   379 | D:1      | Reached XP level 2. HP: 27/27 MP: 2/2
   837 | D:1      | Reached skill level 4 in Fighting
  1063 | D:2      | Reached skill level 5 in Axes
  1072 | D:2      | Reached XP level 3. HP: 21/33 MP: 3/3
  1162 | D:2      | Found a faded altar of an unknown god.
  1533 | D:2      | Reached XP level 4. HP: 15/41 MP: 4/4
  1761 | D:3      | Found a burning altar of Makhleb.
  1968 | D:3      | Reached skill level 6 in Axes
  2373 | D:3      | HP: 3/41 [gnoll/+0 halberd (9)]
  2384 | D:3      | Reached XP level 5. HP: 13/47 MP: 5/5
  2734 | D:3      | Reached skill level 5 in Fighting
  2918 | D:3      | Reached skill level 7 in Axes
  3000 | D:3      | Found a runed translucent door.
  3001 | D:3      | Noticed Crazy Yiuf
  3398 | D:4      | Found Oniossod's Book Emporium.
  3444 | D:4      | Found a staircase to the Ecumenical Temple.
  3454 | Temple   | Entered the Ecumenical Temple
  3821 | D:7      | Found a runed translucent gate.
  3822 | D:7      | Found a runed translucent gate.
  3823 | D:7      | Found a runed translucent gate.
  3841 | D:7      | Noticed an ice beast
  3842 | D:7      | Noticed an ice beast
  3854 | D:7      | Noticed an ice beast
  3854 | D:7      | Noticed MirrMurr's ghost (novice SpHu)
  3986 | D:7      | Noticed an ogre
  4008 | D:6      | Noticed a lemure
  4008 | D:6      | Noticed a lemure
  4008 | D:6      | Noticed Pikel
  4089 | D:5      | Entered Level 5 of the Dungeon
  4201 | D:4      | Reached XP level 6. HP: 56/56 MP: 6/6
  4285 | D:4      | Found a broken altar of Ashenzari.
  4295 | D:4      | Found an ancient bone altar of Kikubaaqudgha.
  4483 | D:5      | Splashed by a jelly's acid

Vanquished Creatures
  3 iguanas
  7 gnolls
  4 adders
  2 worms
  2 orcs
  4 endoplasms
  4 giant cockroaches
  10 hobgoblins
  7 jackals (D:2)
  A quokka (D:1)
  4 ball pythons
  4 bats
  6 frilled lizards
  3 goblins
  5 kobolds
  6 rats
72 creatures vanquished.

Vanquished Creatures (others)
  A wight (D:7)
  A fungus (D:3)
2 creatures vanquished.

Grand Total: 74 creatures vanquished
